cohdb
Replays
Latest Replays
All Replays
Popular Replays
Top Player Replays
Match Explorer
How It Works
Community
CoH3 Stats
Reddit
Sign in to upload your games and track your stats! →
Sign in with Steam
Match 43247447
Unlisted
Match 43247447
Overview
Messages
Build Orders
End
Construct Section Command Post
Selects Canadian Shock Battlegroup
Vickers Machine Gun Team
Dingo Light Scout Car
Dingo Light Scout Car
Infantry Section
Infantry Section
Selects Attacking Spirit
Construct Platoon Command Post
Infantry Section
Construct Field Infirmary
Infantry Training
Selects Canadian Shock Section
Selects Burnout
Canadian Shock Section
Construct Company Command Post
Canadian Shock Section
Matilda II Heavy Tank
Royal Engineer Section
Selects Pyrotechnics
Selects Point Assault
Matilda II Heavy Tank
thidea2
matrix4x4
Gling
SISM
奕奇电脑(郑州百脑汇
Alpha
srednevik
_Cold_Coffe_
0
0
Comments
sign in to comment!
No comments posted yet!